Map: Kairos Junction LE

Players

Smileblind - Winner!

  • Race: Protoss Protoss
  • League: Silver
  • Spawn Location: 5:00

VOD

Have the link to the VOD?

Description

Time

  • Played on: Feb. 7, 2019, 5:04 a.m.
  • Length: 15:14
Show
View Real Time Build Order
Export as new Build Order

Smileblind Protoss - Winner!

Build Orders:  

Get SALT Encoding   

  12  0:04  Probe (Chrono Boost)  
  14  0:21  Probe (Chrono Boost)  
  14  0:29  Pylon  
  14  0:38  Probe (Chrono Boost)  
  15  0:51  Probe (Chrono Boost)  
  16  1:02  Probe (Chrono Boost)  
  17  1:10  Gateway  
  17  1:16  Probe (Chrono Boost)  
  18  1:27  Assimilator  
  18  1:32  Probe (Chrono Boost)  
  18  1:34  Assimilator  
  19  1:43  Probe (Chrono Boost)  
  20  1:54  Probe (Chrono Boost)  
  21  2:00  Gateway  
  22  2:10  Probe (Chrono Boost)  
  22  2:19  Cybernetics Core  
  22  2:27  Probe (Chrono Boost)  
  23  2:32  Pylon  
  23  2:46  Pylon  
  23  2:59  Gateway  
  23  3:04  Gateway  
  27  3:53  Unknown  
  29  4:03  Unknown  
  31  4:10  Stalker  
  31  4:12  Stalker  
  35  4:20  Warp Gate  
  35  4:32  Pylon  
  35  4:35  Pylon, Unknown  
  35  4:40  Pylon  
  35  4:45  Unknown  
  35  4:49  Stalker  
  37  5:03  Stalker  
  39  5:22  Shield Battery  
  39  5:54  Nexus  
  39  5:57  Probe (Chrono Boost)  
  40  6:14  Probe (Chrono Boost)  
  41  6:21  Stalker  
  44  6:30  Probe (Chrono Boost)  
  44  6:31  Stalker  
  46  6:41  Probe (Chrono Boost)  
  47  6:53  Probe (Chrono Boost)  
  48  7:03  Gateway  
  48  7:07  Probe (Chrono Boost)  
  49  7:10  Gateway  
  49  7:24  Probe (Chrono Boost)  
  50  7:30  Twilight Council  
  50  7:33  Probe (Chrono Boost)  
  52  7:41  Probe (Chrono Boost)  
  52  7:44  Probe (Chrono Boost)  
  53  7:57  Probe (Chrono Boost)  
  53  7:58  Probe (Chrono Boost)  
  55  8:08  Forge  
  55  8:37  Probe (Chrono Boost)  
  56  8:44  Stalker x3  
  62  8:54  Probe (Chrono Boost)  
  62  8:59  Protoss Ground Weapons Level 1  
  63  9:05  Zealot  
  63  9:06  Zealot  
  68  9:11  Probe (Chrono Boost)  
  68  9:13  Charge  
  68  9:18  Zealot  
  68  9:19  Zealot  
  72  9:23  Zealot  
  72  9:24  Zealot  
  72  9:28  Probe (Chrono Boost)  
  77  9:38  Pylon  
  77  9:39  Pylon  
  69  9:51  Pylon  
  57  10:19  Stalker x2  
  55  10:20  Stalker x2  
  57  10:30  Zealot  
  57  10:31  Zealot  
  61  10:54  Zealot x3  
  61  10:55  Zealot  
  69  11:01  Zealot x2  
  73  11:15  Pylon  
  73  11:19  Pylon  
  73  11:24  Gateway  
  73  11:29  Gateway  
  73  11:35  Gateway  
  73  11:40  Zealot x2  
  73  11:41  Zealot  
  73  11:44  Stalker  
  73  11:47  Stalker  
  73  11:49  Stalker, Blink  
  85  12:10  Stalker  
  85  12:11  Stalker x2  
  85  12:18  Stalker  
  85  12:19  Stalker  
  95  12:23  Zealot  
  95  12:27  Unknown  
  81  13:05  Unknown  
  79  13:22  Stalker  
  79  13:23  Stalker x3  
  79  13:24  Stalker x3  
  87  14:54  Zealot  
  87  14:55  Zealot x4  
  87  14:56  Zealot x4  
Tags
 
Add a new tag
Caveats
  • Supply blocks, unpowered buildings, or Contaminate may cause inaccurate times.
  • Supply counts are checked every 10 seconds.